 Dungeon Crawl Stone Soup version 0.27.0-1-g7a089689b8 (webtiles) character file.

Game seed: 9567170178376824709

497 nicksoapdish the Chopper (level 6, 0/62 HPs)
             Began as a Troll Monk on Aug 5, 2021.
             Slain by a black bear (5 damage)
             ... on level 4 of the Dungeon.
             The game lasted 00:08:26 (2806 turns).

nicksoapdish the Chopper (Troll Monk)               Turns: 2806, Time: 00:08:28

Health: 0/62       AC:  5    Str: 22    XL:     6   Next: 93%
Magic:  14/14      EV: 10    Int: 12    God:
Gold:   131        SH:  0    Dex: 12    Spells: 5/5 levels left

rFire    . . .     SeeInvis .   a - +0 hand axe
rCold    . . .     Faith    .   (no shield)
rNeg     . . .     Spirit   .   p - +0 robe of a volcano {Int+6 Stlth+}
rPois    .         Reflect  .   (helmet restricted)
rElec    .         Harm     .   i - +0 cloak {rCorr}
rCorr    +         Rampage  .   (gloves unavailable)
Will     .....                  (boots unavailable)
Stlth    +++.......             (no amulet)
HPRegen  1.20/turn              h - ring of magical power
MPRegen  0.14/turn              (no ring)

@: no status effects
A: large, unfitting armour, claws 3, regeneration 1, shaggy fur 1, tough skin 1
a: no special abilities


You were on level 4 of the Dungeon.
You visited 1 branch of the dungeon, and saw 4 of its levels.

You collected 131 gold pieces.

Inventory:

Hand Weapons
 a - a +0 hand axe (weapon)
Missiles
 m - 2 boomerangs of dispersal (quivered)
Armour
 b - a +0 robe
 i - a +0 cloak of preservation (worn)
 p - the +0 robe of a volcano (worn) {Int+6 Stlth+}
   (You found it on level 4 of the Dungeon)

   Int:       It affects your intelligence (+6).
   Stlth:     It makes you more stealthy.
Jewellery
 h - a ring of magical power (left claw)
Scrolls
 d - 2 scrolls of teleportation {unknown}
 e - a scroll of silence {unknown}
 g - a scroll of noise {unknown}
 k - a scroll of fear {unknown}
 l - a scroll of amnesia {unknown}
 n - a scroll of blinking {unknown}
Potions
 c - a potion of attraction
 f - a potion of mutation
 j - 2 potions of curing
 o - a potion of magic {unknown}
 q - a potion of haste {unknown}


   Skills:
 * Level 4.1 Fighting
 * Level 5.6 Axes
 - Level 2.4 Dodging
 - Level 1.0 Stealth


You had 5 spell levels left.
You didn't know any spells.
Your spell library contained the following spells:

 Spells                   Type           Power      Damage    Failure   Level
 Sting                    Tmut/Pois      0%         1d3       32%         1
 Poisonous Vapours        Pois/Air       0%         N/A       45%         2
 Olgreb's Toxic Radiance  Pois           0%         N/A       97%         4


Dungeon Overview and Level Annotations

Branches:
Dungeon (4/15)
 Temple: D:4-7

Altars:


Innate Abilities, Weirdness & Mutations

You are too large for most types of armour.
You have claws for hands.
Your natural rate of healing is unusually fast.
You are covered in fur. (AC +1)
You have tough skin. (AC +1)


Message History

You hit the black bear.
The black bear is severely wounded.
The orc jeers loudly.
The black bear bites you. The black bear barely misses you.
The black bear claws you but does no damage.
You closely miss the black bear.
The black bear is severely wounded.
You hit the orc but do no damage. The orc hits you with a +0 whip.
The black bear bites you.
* * * LOW HITPOINT WARNING * * *
The black bear claws you but does no damage.
The black bear claws you.
* * * LOW HITPOINT WARNING * * *
You hit the black bear.
The black bear is severely wounded.
You barely miss the orc. The orc hits you with a +0 whip.
* * * LOW HITPOINT WARNING * * *
The black bear goes berserk!
The black bear barely misses you. The black bear closely misses you.
The black bear barely misses you. The black bear closely misses you.
The black bear claws you.
The black bear claws you but does no damage.
The black bear bites you!
* * * LOW HITPOINT WARNING * * *
The black bear barely misses you. x2
You feel better.
The black bear bites you but does no damage.
The black bear claws you.
* * * LOW HITPOINT WARNING * * *
The black bear barely misses you. The black bear closely misses you.
The black bear claws you.
* * * LOW HITPOINT WARNING * * *
The black bear completely misses you.
The black bear rages.
The black bear bites you!
* * * LOW HITPOINT WARNING * * *
The black bear claws you.
* * * LOW HITPOINT WARNING * * *
The black bear claws you.
You die...

...# ##............#
...##................#
#....................#
#..................##
##..................#
#..................# ####
#..................#
...####...†..............#
....##..#.....oh@........##
........###............#†.##
.......## ##........#####..#
........## ##....#### ##.##
.........## ###### ##.##
..>.......## ##.##
o..........# ##.##
...........# ##.##
...........# ##)#


You could see a black bear (berserk) and an orc.

Vanquished Creatures
  A sky beast (D:3)
  A necrophage (D:4)
  A bullfrog (D:3)
  An orc priest (D:4)
  Crazy Yiuf (D:2)
  Natasha (D:2)
  2 orc wizards (D:4)
  A howler monkey skeleton (D:4)
  5 adders
  A worm (D:2)
  A dart slug (D:1)
  An orc (D:4)
  3 ball pythons
  6 endoplasms
  4 giant cockroaches
  8 goblins
  7 hobgoblins
  4 jackals (D:3)
  5 quokkas
  7 bats
  3 frilled lizards (D:1)
  4 kobolds
68 creatures vanquished.

Notes
Turn   | Place    | Note
-------+----------+-------------------------------------------
     0 | D:1      | nicksoapdish the Troll Monk began the quest for the Orb.
     0 | D:1      | Reached XP level 1. HP: 22/22 MP: 0/0
   133 | D:1      | Reached XP level 2. HP: 29/29 MP: 1/1
   347 | D:1      | Found a faded altar of an unknown god.
   362 | D:1      | Reached skill level 3 in Axes
   563 | D:2      | Reached XP level 3. HP: 16/36 MP: 2/2
   956 | D:2      | Found a runed translucent door.
   957 | D:2      | Noticed Crazy Yiuf
  1000 | D:2      | Killed Crazy Yiuf
  1001 | D:2      | Reached XP level 4. HP: 45/45 MP: 3/3
  1113 | D:2      | Noticed Natasha
  1128 | D:2      | Killed Natasha
  1775 | D:3      | Reached skill level 4 in Axes
  1800 | D:3      | Reached XP level 5. HP: 36/53 MP: 4/4
  2056 | D:3      | Noticed a sky beast
  2081 | D:3      | Killed a sky beast
  2082 | D:3      | Reached XP level 6. HP: 32/62 MP: 5/5
  2580 | D:4      | Reached skill level 5 in Axes
  2743 | D:4      | Identified the +0 robe of a volcano {Int+6 Stlth+}
  2806 | D:4      | Slain by a black bear

Illustrated notes

Levels and vault maps discovered:
D:1:      dpeg_arrival_ternary, layout_basic, chequers_ecumenical_altar_twisty,
          minmay_misc_feat_secret_circle
D:2:      layout_loops_corners, uniq_natasha, uniq_crazy_yiuf_cottage
D:3:      layout_basic
D:4:      layout_cave_pods, minmay_misc_feat_diagonals

Skill      XL: |  1  2  3  4  5  6 |
---------------+-------------------+-----
Axes           | 3 4 5 |  5.6
Fighting       | 3 4 |  4.1
Dodging        | |  2.4
Stealth        | |  1.0

Action                   |  1- 3 |  4- 6 || total
-------------------------+-------+-------++-------
Melee: Hand axe          |    99 |   215 ||   314
Throw: Boomerang         |       |     1 ||     1
  Use: Scroll            |       |     3 ||     3
       Potion            |       |     1 ||     1
 Stab: Sleeping          |     1 |     1 ||     2
Armor: Robe              |    31 |    82 ||   113
       Skin              |     1 |       ||     1
Dodge: Dodged            |    53 |   132 ||   185
